 BcadrenCrawl: Boulder Brew version 0.04.21-209-g19e16bb646 (webtiles) character file.

Game seed: 16521509457787315692, levelgen mode: deterministic

503 st0uf the Ruffian (level 6, 0/49 HPs) Immature Draconian Demonspawn. Began on May 25, 2021. Slain by a sewer rat (2 damage) ... on level 2 of the Dungeon. The game lasted 00:13:31 (2294 turns).

st0uf the Ruffian (Immature Draconian Demonspawn)   Turns: 2294, Time: 00:13:32

Health: 0/49       AC: 12    Str: 18    XL:     6 ^: 14
Magic:  0/9        EV: -1    Int: 12    God:
Gold:   15         SH:  0    Dex: 11    Spells: 8/9 levels left

rFire    + . .     Vision   .     - Unarmed
rCold    . . .     Gourm    .     - Unarmed
rNeg     . . .     Faith    .   a - +0 leather armour
rPois    .         Spirit   +   (helmet restricted)
rElec    .         Reflect  .   b - +1 cloak
rCorr    .         Harm     .   (no gloves)
MR       ++...                  (no boots)
Stlth    ..........             (no amulet)
HPRegen  0.26/turn              (no ring)
MPRegen  0.38/turn              (no ring)

@: very slightly contaminated, invisible (expiring)
A: fire resistance 1, magic resistance, magic shield, magic regeneration,
cold-blooded, flame cloud immunity, AC +7
a: Breathe Dart


You were on level 2 of the Dungeon.
You were very hungry.

You visited 1 branch of the dungeon, and saw 2 of its levels.

You collected 15 gold pieces.

Inventory:

Shields
 e - a +0 buckler of protection
Armour
 a - a +0 leather armour (worn)
 b - a +1 cloak (worn)
Jewellery
 g - an uncursed amulet of the gourmand
 h - an uncursed ring of resist corrosion
Scrolls
 j - a scroll of enchantment
Potions
 f - 2 potions of cancellation
 i - a potion of ambrosia
Comestibles
 c - 3 rations


   Skills:
 + Level 2.3 Fighting
 + Level 4.0 Dodging
 + Level 1.7 Stealth
 * Level 1.8 Shields
 + Level 4.0 Unarmed Combat
 * Level 2.3 Spellcasting
 - Level 1.5 Fire Magic
   Level 3.0 Invocations


You had 8 spell levels left.
You knew the following spells:

 Your Spells              Type           Power        Failure   Level  Hunger
a - Flame Tongue          Fire           5 (30)       100%        1    ##.....

Your spell library contained the following spells:

 Spells                   Type           Power        Failure   Level  Hunger
 Blink                    Tloc           N/A          100%        2    ###....
 Call Imp                 Summ           1 (100)      100%        2    ###....
 Slow                     Hex            1 (100)      100%        2    ###....
 Conjure Flame            Fire           5 (100)      100%        3    ####...
 Mephitic Cloud           Pois/Air       1 (100)      100%        3    ####...


Dungeon Overview and Level Annotations

Branches:
Dungeon (2/8)

Altars:


Innate Abilities, Weirdness & Mutations

Your plain brown scales are resilient. (AC +7)
You can breathe rudimentary magical darts.
You are heat resistant. (rF+)
When hurt, damage is shared between your health and your magic reserves.
You regenerate magic rapidly.
You are cold-blooded and are slowed more easily by cold attacks.
You are immune to clouds of flame.
You are highly resistant to hostile enchantments. (MR++)


Message History

You hear a splash.
The sewer rat bites you (3).
* * * LOW HITPOINT WARNING * * *
You miss the sewer rat. x2
The sewer rat bites you but does no damage.
You punch the sewer rat (8)! You closely miss the sewer rat.
The sewer rat is severely wounded. (3/11) HP The sewer rat bites you but does no damage. x2
You closely miss the sewer rat.
Your leather armour prevents you from hitting the sewer rat.
The sewer rat bites you but does no damage.
The sewer rat bites you (3).
* * * LOW HITPOINT WARNING * * *
You closely miss the sewer rat.
You catch the helpless sewer rat completely off-guard!
You hit the sewer rat (1).
The sewer rat is almost dead. (2/11) HP You flicker for a moment.
The sewer rat bites you (3).
You die...

≈≈≈≈≈≈≈.≈≈≈.....≈≈≈≈≈≈≈≈
;≈≈≈≈≈..≈≈≈≈b≈≈..≈≈≈≈≈≈≈
≈.≈....≈≈≈≈≈..≈≈..≈≈P≈≈≈
....≈≈.≈≈≈≈≈≈.≈≈≈≈≈≈≈≈≈≈
.≈≈≈≈≈≈≈≈≈≈b≈..≈≈≈≈≈≈≈≈≈
≈≈≈≈≈≈≈≈≈≈≈≈P;.≈≈≈≈≈≈≈.≈
..≈≈≈≈≈≈≈≈≈≈P..r†≈≈rr<..
#####..≈≈b≈≈≈.≈#r###...
##....b≈≈≈≈r@r#
#.≈≈..≈≈≈#r###
#.≈≈.≈≈≈≈### #≈≈≈.≈≈≈≈.#
#≈≈≈..≈≈≈## #≈≈≈≈.≈≈≈#
#≈≈≈..≈≈≈# #≈≈≈.≈≈≈≈#
#.≈≈.≈≈≈≈#


You could see 5 sewer rats.

Vanquished Creatures
  2 big kobolds (D:2)
  A jelly (D:2)
  A giant cockroach (D:1)
  2 adders (D:2)
  24 sewer rats
  5 cinder newts
  A worm (D:2)
  3 dart slugs (D:1)
  2 leopard geckos (D:1)
  2 ball pythons
  8 bats
  6 goblins (D:1)
  6 hobgoblins (D:1)
  A hobgoblin skeleton (D:2)
  6 kobolds
  An orc skeleton (D:2)
  6 rats
77 creatures vanquished.

Vanquished Creatures (others)
  2 slimeheads (D:2)
  39 withered plants (D:2)
41 creatures vanquished.

Grand Total: 118 creatures vanquished

Notes
Turn   | Place    | Note
-------+----------+-------------------------------------------
     0 | D:1      | st0uf the Immature Draconian Demonspawn began the quest for
                  | the Orb.
     0 | D:1      | Reached XP level 1. HP: 16/16 MP: 3/3
    95 | D:1      | Gained mutation: You are heat resistant. (rF+) [demonic
                  | ancestry]
    95 | D:1      | Reached XP level 2. HP: 23/23 MP: 4/4
   205 | D:1      | Gained mutation: You are immune to clouds of flame.
                  | [demonic ancestry]
   205 | D:1      | Reached XP level 3. HP: 28/28 MP: 5/5
   577 | D:1      | Gained mutation: When hurt, damage is shared between your
                  | health and your magic reserves. [demonic ancestry]
   577 | D:1      | Reached XP level 4. HP: 29/35 MP: 6/6
   948 | D:2      | Noticed a big kobold
  1013 | D:2      | Killed a big kobold
  1013 | D:2      | Reached XP level 5. HP: 12/41 MP: 5/7
  1028 | D:2      | Gained mutation: You evolve. [potion of mutation]
  1028 | D:2      | Lost mutation: You evolve. [potion of mutation]
  1028 | D:2      | Gained mutation: You are highly resistant to hostile
                  | enchantments. (MR++) [potion of mutation]
  1108 | D:2      | Reached skill level 1 in Shields
  1543 | D:2      | Gained mutation: You regenerate magic rapidly. [demonic
                  | ancestry]
  1543 | D:2      | Reached XP level 6. HP: 20/48 MP: 2/9
  2293 | D:2      | HP: 2/49 [sewer rat (2)]
  2294 | D:2      | Slain by a sewer rat

Levels and vault maps discovered:
D:1:      erik_arrival_triangle_medium, layout_rooms
D:2:      minmay_alternating_diamond, layout_sewer,
          lemuel_coloured_pillars_altar, gammafunk_temple_overflow_wave,
          first_ration, minivault_24

Skill      XL: |  1  2  3  4  5  6 |
---------------+-------------------+-----
Dodging        | 3 4 |  4.0
Unarmed Combat | 2 3 4 |  4.0
Shields        | 1 |  1.8
Spellcasting   | 2 |  2.3
Fighting       | 2 |  2.3
Stealth        | |  1.7
Fire Magic     | |  1.5
Invocations    | |  3.0

Action                   |  1- 3 |  4- 6 || total
-------------------------+-------+-------++-------
Melee: Unarmed           |   419 |   920 ||  1339
       Tailslap          |     3 |    15 ||    18
  Use: Potion            |       |     2 ||     2
 Stab: Invisible         |       |    11 ||    11
  Eat: Ration            |       |     1 ||     1
       Chunk             |       |     2 ||     2
Armor: Leather armour    |   170 |   324 ||   494
